BSA
VISTA PANTHERS @ ST CHARLES SHEENS
10/01/2026
 
TOP OF THE 1ST
Vista Panthers batting - Pitching for St Charles Sheens : RHP Joe O'Sullivan
Pitching: RHP Joe O'Sullivan
Batting: LHB Brent Alonzo 0-0: Ball
1-0: Ground out 1-3 (Groundball, 13S)
Batting: LHB Patrick Osborne 0-0: Called Strike
0-1: SINGLE (Line Drive, 56)
Batting: LHB Jesús González 0-0: Called Strike
Patrick Osborne steals 2nd base
0-1: Foul Ball, location: 2F
0-2: Ball
1-2: Ground out U3 (Groundball, 3S)
Patrick Osborne to third
Batting: SHB Mark Wells 0-0: Called Strike
0-1: Foul Ball, location: 2F
0-2: SINGLE (Groundball, 4M)
Patrick Osborne scores
Batting: LHB Ray Bryant 0-0: Ball
1-0: Called Strike
1-1: Ball
2-1: Fly out, F8 (Flyball, 78XD)
Top of the 1st over - 1 run(s), 2 hit(s), 0 error(s), 1 left on base; Vista 1 - St Charles 0
BOTTOM OF THE 1ST
St Charles Sheens batting - Pitching for Vista Panthers : RHP Scotty Johnson
Pitching: RHP Scotty Johnson
Batting: LHB Gene Cooper 0-0: Swinging Strike
0-1: Swinging Strike
0-2: Strikes out swinging
Batting: RHB Dan Tyler 0-0: Swinging Strike
0-1: Ball
1-1: Foul Ball, location: 2F
1-2: SINGLE (Groundball, 56D)
Batting: LHB Bob Ware 0-0: Called Strike
0-1: Ball
1-1: Ball
2-1: Ball
3-1: Base on Balls
Dan Tyler to second
Batting: RHB Judson Backstrom 0-0: Fly out, F8 (Line Drive, 8LXD)
Runner from 2nd tags up, SAFE at 3rd, no throw
Batting: LHB Juan Jose Rojas 0-0: Ball
1-0: Fly out, F9 (Flyball, 9D)
Bottom of the 1st over - 0 run(s), 1 hit(s), 0 error(s), 2 left on base; Vista 1 - St Charles 0
TOP OF THE 2ND
Vista Panthers batting - Pitching for St Charles Sheens : RHP Joe O'Sullivan
Batting: LHB Bob Cunningham 0-0: Ground out 1-3 (Groundball, 13S)
Batting: LHB Francisco Marino 0-0: Ground out U3 (Groundball, 3)
Batting: SHB Ken Hernández 0-0: Ball
1-0: Ball
2-0: Ball
3-0: Called Strike
3-1: Ground out U3 (Groundball, 3)
Top of the 2nd over - 0 run(s), 0 hit(s), 0 error(s), 0 left on base; Vista 1 - St Charles 0
BOTTOM OF THE 2ND
St Charles Sheens batting - Pitching for Vista Panthers : RHP Scotty Johnson
Batting: LHB Stan Bates 0-0: Ball
1-0: Foul Ball, location: 2F
1-1: Foul Ball, location: 2F
1-2: Ball
2-2: Ball
3-2: Base on Balls
Batting: RHB Guillermo Sánchez 0-0: Foul Ball, location: 2F
0-1: Ball
1-1: Ball
2-1: Foul Ball, location: 2F
2-2: Ball
3-2: Foul Ball, location: 2F
3-2: DOUBLE (Line Drive, 78D)
Stan Bates to third
Batting: RHB Max Rash 0-0: Ball
1-0: Called Strike
1-1: Called Strike
1-2: Ball
2-2: SINGLE (Groundball, 6MD)
Stan Bates scores
Guillermo Sánchez to third
Batting: SHB Theron Harper 0-0: Ball
1-0: Ball
2-0: Called Strike
2-1: Swinging Strike
2-2: Ball
3-2: Base on Balls
Max Rash to second
Batting: LHB Gene Cooper Reached via error on a dropped throw, E1
Guillermo Sánchez scores
Max Rash to third
Theron Harper to second
Batting: RHB Dan Tyler 0-0: Called Strike
0-1: Ball
1-1: Ball
2-1: DOUBLE (Flyball, 8LXD)
Max Rash scores
Theron Harper scores
Gene Cooper to third
Batting: LHB Bob Ware 0-0: Ball
1-0: Ball
2-0: Swinging Strike
2-1: Foul Ball, location: 2F
2-2: Foul Ball, location: 2F
2-2: Ground out 6-3 (Groundball, 6M)
Gene Cooper scores
Dan Tyler to third
Batting: RHB Judson Backstrom 0-0: Foul Ball, location: 2F
0-1: Ground out 5-3 (Groundball, 5S)
Batting: LHB Juan Jose Rojas 0-0: Called Strike
0-1: Ball
1-1: Ball
2-1: Ball
3-1: Ground out 4-3 (Groundball, 34)
Bottom of the 2nd over - 5 run(s), 3 hit(s), 1 error(s), 1 left on base; Vista 1 - St Charles 5
TOP OF THE 3RD
Vista Panthers batting - Pitching for St Charles Sheens : RHP Joe O'Sullivan
Batting: LHB Jeffrey Bascombe 0-0: Ball
1-0: Ball
2-0: Ball
3-0: Foul Ball, location: 2F
3-1: Called Strike
3-2: Strikes out swinging
Batting: LHB Brent Alonzo 0-0: Ball
1-0: Ground out 1-3 (Groundball, 15)
Batting: LHB Patrick Osborne 0-0: Swinging Strike
0-1: SINGLE (Groundball, 56D)
Batting: LHB Jesús González 0-0: Ball
1-0: Ball
2-0: Fly out, F5 (Popup, 25F)
Top of the 3rd over - 0 run(s), 1 hit(s), 0 error(s), 1 left on base; Vista 1 - St Charles 5
BOTTOM OF THE 3RD
St Charles Sheens batting - Pitching for Vista Panthers : RHP Scotty Johnson
Batting: LHB Stan Bates 0-0: Called Strike
0-1: Ball
1-1: Ball
2-1: Ball
3-1: Swinging Strike
3-2: SINGLE (Groundball, 6M)
Batting: RHB Guillermo Sánchez 0-0: Called Strike
0-1: Called Strike
0-2: Ball
1-2: Fly out, F8 (Popup, 6MD)
Batting: RHB Max Rash 0-0: Ball
1-0: Ball
2-0: Ball
Wild Pitch!
Stan Bates to second
3-0: Called Strike
3-1: Swinging Strike
3-2: Ground out 5-3 (Groundball, 5)
Batting: SHB Theron Harper 0-0: Called Strike
0-1: Foul Ball, location: 2F
0-2: Ball
1-2: Ball
2-2: Ball
3-2: Base on Balls
Batting: LHB Gene Cooper 0-0: Ball
1-0: Ball
2-0: Ball
3-0: Ground out 4-3 (Groundball, 4S)
Bottom of the 3rd over - 0 run(s), 1 hit(s), 0 error(s), 2 left on base; Vista 1 - St Charles 5
TOP OF THE 4TH
Vista Panthers batting - Pitching for St Charles Sheens : RHP Joe O'Sullivan
Batting: SHB Mark Wells 0-0: Ball
1-0: Ball
2-0: Ball
3-0: Base on Balls
Batting: LHB Ray Bryant 0-0: Ball
1-0: Ball
2-0: Foul Ball, location: 2F
2-1: Ball
3-1: Ground out 2-3 (Groundball, 25F)
Mark Wells to second
Batting: LHB Bob Cunningham 0-0: Ball
1-0: Ball
2-0: Ball
3-0: Called Strike
3-1: Foul Ball, location: 2F
3-2: Strikes out swinging
Batting: LHB Francisco Marino 0-0: Hit by Pitch
Batting: SHB Ken Hernández 0-0: Swinging Strike
0-1: Swinging Strike
0-2: Strikes out swinging
Top of the 4th over - 0 run(s), 0 hit(s), 0 error(s), 2 left on base; Vista 1 - St Charles 5
BOTTOM OF THE 4TH
St Charles Sheens batting - Pitching for Vista Panthers : RHP Scotty Johnson
Batting: RHB Dan Tyler 0-0: Fly out, F7 (Flyball, 7M)
Batting: LHB Bob Ware 0-0: Ball
1-0: Ground out 4-3 (Groundball, 4M)
Batting: RHB Judson Backstrom 0-0: Swinging Strike
0-1: Swinging Strike
0-2: Foul Ball, location: 2F
0-2: Ball
1-2: Ground out U3 (Groundball, 3)
Bottom of the 4th over - 0 run(s), 0 hit(s), 0 error(s), 0 left on base; Vista 1 - St Charles 5
TOP OF THE 5TH
Vista Panthers batting - Pitching for St Charles Sheens : RHP Joe O'Sullivan
Batting: LHB Jeffrey Bascombe 0-0: Ball
1-0: Ball
2-0: Called Strike
2-1: Ground out 1-3 (Groundball, 23)
Batting: LHB Brent Alonzo 0-0: Ball
1-0: Ball
2-0: Foul Ball, location: 2F
2-1: Foul Ball, location: 2F
2-2: Ball
3-2: Base on Balls
Batting: LHB Patrick Osborne 0-0: Foul Ball, location: 2F
0-1: Fly out, F8 (Line Drive, 8LXD)
Runner from 1st tags up, OUT at 2nd
Top of the 5th over - 0 run(s), 0 hit(s), 0 error(s), 0 left on base; Vista 1 - St Charles 5
BOTTOM OF THE 5TH
St Charles Sheens batting - Pitching for Vista Panthers : RHP Scotty Johnson
Batting: LHB Juan Jose Rojas 0-0: Fly out, F8 (Popup, 8RS)
Batting: LHB Stan Bates 0-0: Swinging Strike
0-1: Fly out, F9 (Flyball, 89M)
Batting: RHB Guillermo Sánchez 0-0: Ball
1-0: Called Strike
1-1: Swinging Strike
1-2: Ball
2-2: SOLO HOME RUN (Flyball, 78XD), Distance : 432 ft
Batting: RHB Max Rash 0-0: Ball
1-0: Ball
2-0: Ground out 5-3 (Groundball, 5S)
Bottom of the 5th over - 1 run(s), 1 hit(s), 0 error(s), 0 left on base; Vista 1 - St Charles 6
TOP OF THE 6TH
Vista Panthers batting - Pitching for St Charles Sheens : RHP Kazuo Mochizuki
Pitching: RHP Kazuo Mochizuki
Batting: LHB Jesús González 0-0: Ball
1-0: Called Strike
1-1: Ball
2-1: Foul Ball, location: 2F
2-2: Strikes out swinging
Batting: SHB Mark Wells 0-0: Called Strike
0-1: Ball
1-1: Ball
2-1: Called Strike
2-2: Strikes out swinging
Batting: LHB Ray Bryant 0-0: Ball
1-0: Swinging Strike
1-1: Ball
2-1: Foul Ball, location: 2F
2-2: Ball
3-2: Foul Ball, location: 2F
3-2: SINGLE (Line Drive, 7LS)
Batting: LHB Bob Cunningham 0-0: Called Strike
0-1: Fly out, F2 (Popup, 2LF)
Top of the 6th over - 0 run(s), 1 hit(s), 0 error(s), 1 left on base; Vista 1 - St Charles 6
BOTTOM OF THE 6TH
St Charles Sheens batting - Pitching for Vista Panthers : RHP Scotty Johnson
Batting: SHB Theron Harper 0-0: Ground out 4-3 (Groundball, 4)
Batting: LHB Gene Cooper 0-0: Ball
1-0: Ground out 1-3 (Groundball, 23)
Batting: RHB Dan Tyler 0-0: Ball
1-0: Called Strike
1-1: Ball
2-1: Ball
3-1: Base on Balls
Batting: LHB Bob Ware 0-0: Ball
1-0: Ground out 4-3 (Groundball, 4)
Bottom of the 6th over - 0 run(s), 0 hit(s), 0 error(s), 1 left on base; Vista 1 - St Charles 6
TOP OF THE 7TH
Vista Panthers batting - Pitching for St Charles Sheens : RHP Kazuo Mochizuki
Batting: LHB Francisco Marino 0-0: Ball
1-0: Called Strike
1-1: Ball
2-1: Called Strike
2-2: Foul Ball, location: 2F
2-2: Ball
3-2: Foul Ball, location: 2F
3-2: Strikes out swinging
Batting: SHB Ken Hernández 0-0: Called Strike
0-1: Ball
1-1: Ball
2-1: Ball
3-1: Foul Ball, location: 2F
3-2: Foul Ball, location: 2F
3-2: Base on Balls
Batting: LHB Jeffrey Bascombe 0-0: Ball
1-0: Ball
2-0: Grounds into double play, 1-6-3 (Groundball, 13)
Top of the 7th over - 0 run(s), 0 hit(s), 0 error(s), 0 left on base; Vista 1 - St Charles 6
BOTTOM OF THE 7TH
St Charles Sheens batting - Pitching for Vista Panthers : RHP Scotty Johnson
Pitching: RHP Dave Jackson
Batting: RHB Judson Backstrom 0-0: Ground out U3 (Groundball, 3)
Batting: LHB Juan Jose Rojas 0-0: Ball
1-0: Swinging Strike
1-1: Ball
2-1: Foul Ball, location: 2F
2-2: Foul Ball, location: 2F
2-2: Ball
3-2: SINGLE (Groundball, 3D)
Batting: LHB Stan Bates 0-0: Ball
1-0: Ball
2-0: Fielders Choice at 2nd, 3-6 (Groundball, 3)
Batting: RHB Guillermo Sánchez 0-0: Ball
1-0: Foul Ball, location: 2F
1-1: Ball
2-1: Foul Ball, location: 2F
2-2: Ball
3-2: Base on Balls
Stan Bates to second
Batting: RHB Max Rash 0-0: Ball
1-0: Foul Ball, location: 2F
1-1: Ball
2-1: Foul Ball, location: 2F
2-2: Strikes out swinging
Bottom of the 7th over - 0 run(s), 1 hit(s), 0 error(s), 2 left on base; Vista 1 - St Charles 6
TOP OF THE 8TH
Vista Panthers batting - Pitching for St Charles Sheens : RHP Kazuo Mochizuki
Pitching: LHP Shan Liu
Batting: LHB Brent Alonzo 0-0: Ball
1-0: Foul Ball, location: 2F
1-1: Swinging Strike
1-2: Foul Ball, location: 2F
1-2: Strikes out swinging
Batting: LHB Patrick Osborne 0-0: Ground out 4-3 (Groundball, 13)
Batting: LHB Jesús González 0-0: Called Strike
0-1: Foul Ball, location: 2F
0-2: Strikes out swinging
Top of the 8th over - 0 run(s), 0 hit(s), 0 error(s), 0 left on base; Vista 1 - St Charles 6
BOTTOM OF THE 8TH
St Charles Sheens batting - Pitching for Vista Panthers : RHP Dave Jackson
Batting: SHB Theron Harper 0-0: Foul Ball, location: 2F
0-1: Called Strike
0-2: Fly out, F8 (Flyball, 8RXD)
Batting: LHB Gene Cooper 0-0: Ball
1-0: Called Strike
1-1: Ball
2-1: Swinging Strike
2-2: Foul Ball, location: 2F
2-2: Foul Ball, location: 2F
2-2: Ball
3-2: Base on Balls
Batting: RHB Dan Tyler 0-0: Called Strike
0-1: Ball
1-1: Foul Ball, location: 2F
1-2: Strikes out swinging
Batting: LHB Bob Ware 0-0: Ball
1-0: Foul Ball, location: 2F
1-1: SINGLE (Groundball, 15) (infield hit)
Gene Cooper to second
Batting: RHB Judson Backstrom 0-0: Called Strike
0-1: Swinging Strike
0-2: SINGLE (Groundball, 34S)
Gene Cooper to third
Bob Ware to second
Runner from 3rd tries for Home, SAFE, no throw or cutoff
Batting: LHB Juan Jose Rojas 0-0: Swinging Strike
0-1: Ball
1-1: Swinging Strike
1-2: Ground out 4-3 (Groundball, 34)
Bottom of the 8th over - 1 run(s), 2 hit(s), 0 error(s), 2 left on base; Vista 1 - St Charles 7
TOP OF THE 9TH
Vista Panthers batting - Pitching for St Charles Sheens : LHP Shan Liu
Batting: SHB Mark Wells 0-0: Fly out, F8 (Flyball, 8LD)
Batting: LHB Ray Bryant 0-0: Called Strike
0-1: Called Strike
0-2: Strikes out swinging
Batting: LHB Bob Cunningham 0-0: Called Strike
0-1: Ball
1-1: Ball
2-1: Foul Ball, location: 2F
2-2: Foul Ball, location: 2F
2-2: Foul Ball, location: 2F
2-2: Strikes out swinging
Top of the 9th over - 0 run(s), 0 hit(s), 0 error(s), 0 left on base; Vista 1 - St Charles 7
Monday, December 5th, 2016 - OOTP Baseball 17.12 Build 75